 Dungeon Crawl Stone Soup version 0.31-a0-963-ga325b2283a (webtiles) character file.

Game seed: 6646470498338479470

23048 arthad the Fighter (level 13, 0/72 HPs)
             Began as a Vine Stalker Berserker on Oct 25, 2023.
             Was a High Priest of Trog.
             Slain by a tengu warrior
             ... wielding a +0 war axe
              (3 damage)
             ... on level 13 of the Dungeon on Oct 26, 2023.
             The game lasted 00:27:36 (11571 turns).

arthad the Fighter (Vine Stalker Berserker)        Turns: 11571, Time: 00:27:37

Health: 0/72       AC: 14    Str: 25    XL:     13   Next: 4%
Magic:  0/14       EV: 26    Int:  7    God:    Trog [*****.]
Gold:   684        SH: 13    Dex: 14    Spells: 12/12 levels left

rFire   + . .        Y - +9 broad axe (flame)
rCold   . . .        Q - +0 tower shield
rNeg    . . .        D - +2 scale mail {rF+}
rPois   .            r - +2 hat
rElec   .            f - +0 cloak
rCorr   .            (no gloves)
SInv    .            G - +0 pair of boots
Will    ++++.        R - amulet of the acrobat
Stlth   ++           U - ring of willpower
HPRegen 2.12/turn    (no ring)
MPRegen 0.14/turn

%: acrobat, guardian spirit
@: strong-willed, acrobatic, regenerating
A: fangs 3, regeneration 1, magic shield, antimagic bite, no potion heal 2
a: Renounce Religion, Berserk, Trog's Hand, Brothers in Arms


You were on level 13 of the Dungeon.
You worshipped Trog.
Trog was extremely pleased with you.
You visited 1 branch of the dungeon, and saw 13 of its levels.
You also visited: Sewer and Ossuary.

You collected 768 gold pieces.
You spent 84 gold pieces at shops.

Inventory:

Hand Weapons
 h - the +1 shortbow of the Several Xenophobes {flame, Int+3}
   (You took it off an orc warrior on level 10 of the Dungeon)

   Int+3:     It affects your intelligence (+3).
 H - a +2 battleaxe
 I - the +11 mace "Hulk" {freeze, rPois Int+4 Dex-4}
   (You found it on level 5 of the Dungeon)

   Int+4:     It affects your intelligence (+4).
   Dex-4:     It affects your dexterity (-4).
   rPois:     It protects you from poison
 O - a +2 hand axe of flaming
 Y - a +9 broad axe of flaming (weapon)
Missiles
 a - 2 atropa-tipped darts
 k - 43 poisoned darts
 p - 18 boomerangs (quivered)
 J - 7 javelins
 M - 2 darts of dispersal
 S - 4 throwing nets
 T - 6 curare-tipped darts
Armour
 b - a +2 ring mail of cold resistance
 f - a +0 cloak (worn)
 r - a +2 hat (worn)
 D - a +2 scale mail of fire resistance (worn)
 G - a +0 pair of boots (worn)
 Q - a +0 tower shield (worn)
 W - the +1 pair of boots of Blue Divine Compulsion {-Tele Regen+ Dex-2 Stlth+}
   (You found it on level 10 of the Dungeon)

   Dex-2:     It affects your dexterity (-2).
   -Tele:     It prevents most forms of teleportation.
   Regen+:    It increases your rate of health regeneration.
   Stlth+:    It makes you more stealthy.
Jewellery
 j - an amulet of magic regeneration
 F - a ring of fire
 R - an amulet of the acrobat (around neck)
 U - a ring of willpower (left hand)
Wands
 q - a wand of flame (43)
 C - a wand of digging (7)
 N - a wand of paralysis (23)
 V - a wand of quicksilver (33)
 X - a wand of mindburst (14)
 Z - a wand of polymorph (9)
Scrolls
 d - 7 scrolls of blinking
 m - 3 scrolls of immolation
 o - 5 scrolls of teleportation
 s - 2 scrolls of summoning
 x - 2 scrolls of identify
 y - 3 scrolls of enchant armour
 B - a scroll of silence
 P - 2 scrolls of brand weapon
Potions
 c - a potion of resistance
 e - 2 potions of brilliance
 g - 6 potions of heal wounds
 i - 2 potions of ambrosia
 l - 4 potions of haste
 n - 6 potions of curing
 t - a potion of lignification
 u - 3 potions of enlightenment
 v - 2 potions of mutation {unknown}
 w - 2 potions of invisibility {unknown}
 z - 2 potions of magic {unknown}
 A - a potion of might {unknown}
 E - a potion of attraction {unknown}
 K - 2 potions of degeneration {unknown}
 L - a potion of berserk rage {unknown}


   Skills:
 * Level 10.0 Fighting
 * Level 9.9 Axes
 + Level 4.3 Throwing
 * Level 7.6 Armour
 * Level 7.6 Dodging
 - Level 6.0 Stealth
 + Level 3.8 Shields
 + Level 5.2 Evocations


You had 12 spell levels left.
You didn't know any spells.
Your spell library contained the following spells:

 Spells                   Type           Power      Damage    Failure   Level
 Apportation              Tloc           0%         N/A       99%         1
 Kiss of Death            Conj/Necr      0%         2d5       99%         1
 Magic Dart               Conj           0%         1d3       99%         1
 Necrotise                Necr           0%         1d4       99%         1
 Summon Small Mammal      Summ           0%         N/A       99%         1
 Call Imp                 Summ           0%         N/A       100%        2
 Cigotuvi's Dreadful Rot  Necr/Pois/Air  0%         N/A       100%        2
 Confusing Touch          Hex            0%         N/A       100%        3
 Mephitic Cloud           Conj/Pois/Air  0%         N/A       100%        3
 Ozocubu's Armour         Ice            0%         N/A       100%        3
 Tukima's Dance           Hex            0%         N/A       100%        3
 Volatile Blastmotes      Fire/Tloc      0%         2d10      100%        3
 Dimensional Bullseye     Hex/Tloc       0%         N/A       100%        4
 Dispel Undead            Necr           0%         3d6       100%        4
 Fulminant Prism          Conj/Hex       0%         3d5       100%        4
 Iskenderun's Mystic Bla  Conj/Tloc      0%         2d3       100%        4
 Vhi's Electric Charge    Tloc/Air       0%         N/A       100%        4
 Arcjolt                  Conj/Air       0%         1d10      100%        5
 Summon Forest            Summ/Tloc      0%         N/A       100%        5
 Summon Mana Viper        Hex/Summ       0%         N/A       100%        5
 Death Channel            Necr           0%         N/A       100%        6
 Summon Cactus Giant      Summ           0%         N/A       100%        6
 Ozocubu's Refrigeration  Ice            0%         4d7       100%        7
 Maxwell's Capacitive Co  Air            0%         ∞         100%        8


Dungeon Overview and Level Annotations

Branches:
Dungeon (13/15)            Temple (0/1) D:4            Lair (0/5) D:11
    Orc (0/2) D:12          Sewer (visited)         Ossuary (visited)
 Vaults: D:13-14

Altars:
Dithmenos
Fedhas
Kikubaaqudgha
Okawaru
Ru
Sif Muna
Trog
Uskayaw
Vehumet
Xom
Zin
The Shining One

Shops:
D:2 !   D:4 ?   D:5 **   D:9 [   D:12 (

Portals:
Trove: D:12 (give 5 scrolls of fog)


Innate Abilities, Weirdness & Mutations

You have razor-sharp teeth.
Your natural rate of healing is unusually fast.
When hurt, damage is shared between your health and your magic reserves.
Your bite disrupts and absorbs the magic of your enemies.
Potions cannot restore your health.


Message History

You block the tengu conjurer's attack.
You hit the tengu warrior. You burn the tengu warrior.
You bite the tengu warrior, but do no damage.
The tengu warrior is almost dead.
You miss the tengu conjurer.
The tengu warrior hits you with a +0 war axe!
The tengu warrior pecks you but does no damage.
The tengu warrior misses you.
You block the tengu conjurer's attack. x3
You hit the tengu warrior. You burn the tengu warrior.
The tengu warrior is almost dead.
You slash the tengu conjurer! You burn the tengu conjurer.
You block the tengu warrior's attack. The tengu warrior pecks you.
The tengu warrior claws you but does no damage.
You block the tengu conjurer's attack.
The tengu conjurer pecks you but does no damage.
You block the tengu conjurer's attack.
The tengu warrior hits you but does no damage.
The tengu warrior pecks you. The tengu warrior barely misses you.
The tengu conjurer hits you but does no damage.
The tengu conjurer pecks you but does no damage.
The tengu conjurer barely misses you.
You miss the tengu warrior. Your bite misses the tengu warrior.
The tengu warrior is almost dead.
You hit the tengu conjurer. You burn the tengu conjurer.
You block the tengu warrior's attack. x3
The tengu conjurer points at you and mumbles some strange words.
The bolt of lightning hits you!!
* * * LOW HITPOINT WARNING * * *
Your skin crawls.
You feel strong-willed. You block the tengu warrior's attack.
The tengu warrior pecks you.
* * * LOW HITPOINT WARNING * * *
The tengu warrior claws you but does no damage.
The tengu conjurer barely misses you. You block the tengu conjurer's attack.
The tengu conjurer barely misses you.
The tengu warrior attacks as it pursues you!
The tengu warrior hits you with a +0 war axe!
* * * LOW HITPOINT WARNING * * *
The tengu warrior pecks you.
You die...

.......<.......... ..
.................. ...
.................. ....
..................
....##+########.....#..
.........#..........#
....Q....#..........#
.........#..........#
#O...#@.........#
#....#Q...###+###
#....Q....# #.....*...#
#.........# #.........#
######....# #.[..#
######


You could see a tengu warrior, a tengu conjurer and a battlesphere.

Vanquished Creatures
  Erica (D:8)
  5 boulder beetles
  7 two-headed ogres
  Urug (D:10)
  Sonja (D:10)
  An ugly thing (D:11)
  2 cyclopes
  3 manticores
  2 unseen horrors
  3 gargoyles
  2 freezing wraiths (D:10)
  2 trolls
  Grinder (D:4)
  A hornet (D:9)
  6 slime creatures (D:12)
  5 yaks
  A vampire (D:10)
  7 vampire mosquitoes
  3 wyverns
  3 wraiths
  Grum (D:8)
  A warg (D:12)
  An acid dragon (D:9)
  Duvessa (D:4)
  3 water moccasins
  6 orc warriors
  An ice beast (D:7)
  A sky beast (D:8)
  3 wolves
  3 ogres
  4 centaurs
  4 kobold brigands
  2 phantoms
  6 bullfrogs
  A gnoll sergeant (D:11)
  A scorpion (D:5)
  4 wights (D:10)
  Dowan (D:4)
  12 killer bees
  An electric eel (D:11)
  9 hounds
  2 gnoll boudas
  2 jellies
  11 orc priests
  A sleepcap (D:8)
  3 iguanas
  Natasha (D:4)
  15 orc wizards
  Ijyb (D:4)
  A mummy (Ossuary)
  Robin (D:3)
  21 gnolls
  7 adders
  2 white imps
  A worm (D:3)
  5 dart slugs
  60 orcs
  3 spectral bats (Ossuary)
  8 endoplasms
  8 giant cockroaches
  12 gnoll zombies (Ossuary)
  11 goblins
  6 hobgoblins
  3 jackals
  4 quokkas
  13 ball pythons
  6 bats
  3 bat simulacra (Ossuary)
  5 frilled lizards
  5 goblin simulacra (Ossuary)
  3 goblin zombies (Ossuary)
  9 hobgoblin zombies (Ossuary)
  31 kobolds
  4 kobold zombies (Ossuary)
  2 orc zombies (Ossuary)
  8 rats
  5 rat simulacra (Ossuary)
  3 spectral goblins (Ossuary)
  2 spectral kobolds (Ossuary)
  3 spectral rats (Ossuary)
414 creatures vanquished.

Notes
Turn   | Place    | Note
-------+----------+-------------------------------------------
     0 | D:1      | arthad the Vine Stalker Berserker began the quest for the
                  | Orb.
     0 | D:1      | Reached XP level 1. HP: 11/11 MP: 2/2
   242 | D:1      | Reached XP level 2. HP: 16/16 MP: 3/3
   517 | D:1      | Reached skill level 1 in Stealth
   563 | D:1      | Reached skill level 3 in Fighting
   637 | D:1      | Found a faded altar of an unknown god.
   869 | D:1      | Reached XP level 3. HP: 20/20 MP: 4/4
  1027 | D:1      | Reached ** piety under Trog
  1101 | D:2      | Found Qetwiuke's Distillery.
  1118 | D:2      | Bought a potion of curing for 39 gold pieces
  1946 | D:3      | Noticed Robin
  1957 | D:3      | Killed Robin
  1958 | D:3      | Reached XP level 4. HP: 18/24 MP: 3/5
  2066 | D:3      | Found a glowing drain.
  2070 | Sewer    | Entered a sewer
  2160 | Sewer    | Noticed a kobold brigand
  2167 | Sewer    | Killed a kobold brigand
  2168 | Sewer    | Reached XP level 5. HP: 29/29 MP: 6/6
  2211 | Sewer    | Reached *** piety under Trog
  2410 | D:3      | Found a blossoming altar of Fedhas.
  2884 | D:4      | Reached XP level 6. HP: 33/33 MP: 7/7
  2933 | D:4      | Reached skill level 4 in Fighting
  2934 | D:4      | Found The Oracle's Delphic Readings.
  2958 | D:4      | Noticed Duvessa
  2965 | D:4      | Killed Duvessa
  3010 | D:4      | Reached XP level 7. HP: 38/38 MP: 8/8
  3069 | D:4      | Noticed Grinder
  3070 | D:4      | Noticed Natasha
  3082 | D:4      | Killed Natasha
  3086 | D:4      | Killed Grinder
  3097 | D:4      | Found a staircase to the Ecumenical Temple.
  3206 | D:4      | Noticed Dowan
  3220 | D:4      | Killed Dowan
  3452 | D:4      | Noticed Ijyb
  3463 | D:4      | Killed Ijyb
  3464 | D:4      | Reached skill level 5 in Fighting
  3494 | D:4      | Found a shadowy altar of Dithmenos.
  3595 | D:5      | Entered Level 5 of the Dungeon
  3648 | D:5      | Reached skill level 5 in Axes
  3648 | D:5      | Gained mutation: You have razor-sharp teeth. [Vine Stalker
                  | growth]
  3648 | D:5      | Reached XP level 8. HP: 43/43 MP: 5/9
  3655 | D:5      | Found Lyudoz's General Store.
  3655 | D:5      | Found Ahoq's Specific Store.
  3725 | D:5      | Bought a scroll of teleportation for 45 gold pieces
  4066 | D:5      | Found a glowing silver altar of Zin.
  4066 | D:5      | Found a shimmering altar of Xom.
  4067 | D:5      | Noticed an angel
  4300 | D:5      | Identified the +11 mace "Hulk" {freeze, rPois Int+4 Dex-4}
  4482 | D:6      | Found a sand-covered staircase.
  4509 | Ossuary  | Entered an ossuary
  4556 | Ossuary  | Reached **** piety under Trog
  4835 | D:6      | Found a hide-covered altar of Uskayaw.
  4835 | D:6      | Noticed a +0 dagger
  4836 | D:6      | Noticed a +0 dagger
  4841 | D:6      | Reached skill level 5 in Stealth
  4884 | D:6      | Reached skill level 6 in Fighting
  4884 | D:6      | Reached XP level 9. HP: 48/48 MP: 10/10
  4894 | D:6      | Found an iron altar of Okawaru.
  4938 | D:6      | Found an ancient bone altar of Kikubaaqudgha.
  5168 | D:6      | Found a bloodstained altar of Trog.
  5375 | D:6      | Found a shimmering blue altar of Sif Muna.
  5648 | D:7      | Reached ***** piety under Trog
  5668 | D:7      | Found a radiant altar of Vehumet.
  5741 | D:7      | Reached skill level 1 in Evocations
  5815 | D:7      | Noticed a two-headed ogre
  5824 | D:7      | Killed a two-headed ogre
  6033 | D:7      | Found a sacrificial altar of Ru.
  6150 | D:7      | Reached skill level 7 in Fighting
  6256 | D:7      | Found a runed translucent door.
  6665 | D:7      | Received a gift from Trog
  6666 | D:7      | Reached XP level 10. HP: 48/55 MP: 8/11
  6984 | D:8      | Noticed a two-headed ogre
  6991 | D:8      | HP: 2/55 [two-headed ogre/+0 giant club (22)]
  6996 | D:8      | Killed a two-headed ogre
  7176 | D:8      | Reached skill level 1 in Shields
  7187 | D:8      | Noticed a manticore
  7206 | D:8      | Killed a manticore
  7207 | D:8      | Reached skill level 5 in Armour
  7207 | D:8      | Reached skill level 5 in Dodging
  7338 | D:8      | Noticed Erica
  7356 | D:8      | Killed Erica
  7357 | D:8      | Reached skill level 1 in Throwing
  7383 | D:8      | Noticed Grum
  7392 | D:8      | Killed Grum
  7393 | D:8      | Reached skill level 8 in Fighting
  7733 | D:9      | Found Dinyrier's Armour Shoppe.
  7774 | D:9      | Reached XP level 11. HP: 54/60 MP: 10/12
  7927 | D:9      | Noticed a two-headed ogre
  7936 | D:9      | Killed a two-headed ogre
  8014 | D:9      | Found a glowing golden altar of the Shining One.
  8107 | D:10     | Entered Level 10 of the Dungeon
  8137 | D:10     | Noticed a manticore
  8174 | D:10     | Killed a manticore
  8417 | D:10     | Noticed a cyclops
  8431 | D:10     | Killed a cyclops
  8546 | D:10     | Noticed a two-headed ogre
  8555 | D:10     | Killed a two-headed ogre
  8647 | D:10     | Noticed Urug
  8656 | D:10     | Killed Urug
  8748 | D:10     | Noticed a two-headed ogre
  8756 | D:10     | Killed a two-headed ogre
  8816 | D:10     | Noticed a boulder beetle
  8820 | D:10     | Noticed Sonja
  9015 | D:10     | Identified the +1 shortbow of the Several Xenophobes
                  | {flame, Int+3}
  9056 | D:10     | Paralysed by Sonja for 4 turns
  9142 | D:10     | Identified the +1 pair of boots of Blue Divine Compulsion
                  | {-Tele Regen+ Dex-2 Stlth+}
  9290 | D:10     | Reached skill level 9 in Fighting
  9442 | D:10     | Killed a boulder beetle
  9443 | D:10     | Reached XP level 12. HP: 56/66 MP: 13/13
  9524 | D:10     | Killed Sonja
  9687 | D:11     | Found a staircase to the Lair.
 10201 | D:11     | Received a gift from Trog
 10623 | D:12     | Found a portal to a secret trove of treasure.
 10623 | D:12     | Found Quzaus's Antique Weapon Boutique.
 10655 | D:12     | Noticed a boulder beetle
 10958 | D:12     | Noticed a boulder beetle
 10975 | D:12     | Killed a boulder beetle
 10981 | D:12     | Found a staircase to the Orcish Mines.
 11084 | D:12     | Noticed a two-headed ogre
 11084 | D:12     | Noticed a boulder beetle
 11094 | D:12     | Killed a two-headed ogre
 11095 | D:12     | Reached skill level 5 in Evocations
 11097 | D:12     | Killed a boulder beetle
 11151 | D:12     | Noticed a boulder beetle
 11174 | D:12     | Killed a boulder beetle
 11326 | D:12     | Killed a boulder beetle
 11327 | D:12     | Reached XP level 13. HP: 69/72 MP: 7/14
 11560 | D:13     | Reached skill level 10 in Fighting
 11571 | D:13     | HP: 3/72 [tengu warrior/+0 war axe (11)]
 11571 | D:13     | Slain by a tengu warrior

Illustrated notes

Levels and vault maps discovered:
D:1:      elethiomel_arrival_infinity_welcomes_careful_drivers,
          layout_loops_corners, shapermc_ecumenical_altar_mp_urbaneastern,
          nrook_campfire
D:2:      layout_basic, serial_shops, nicolae_square_shop,
          minmay_small_reverse_x
D:3:      layout_loops_ring, old_standard_altar,
          mainiacjoe_sewer_entry_somewhere_in_here_2, uniq_robin
D:4:      layout_loops_ring, lemuel_tele_altar,
          minmay_temple_entry_gardened_gates, nicolae_nh_oracle_at_delphi,
          uniq_duvessa, uniq_natasha, uniq_ijyb, uniq_grinder
D:5:      layout_gridville, grunt_temple_overflow_order_and_chaos_1,
          nicolae_specific_store
D:6:      layout_loops_ring, dancing_weapons_uskayaw,
          mainiacjoe_overflow_alcove_2, trog_hazing_becter,
          lemuel_crystal_altar, mainiacjoe_overflow_24_doors,
          nicolae_ossuary_entry_plus
D:7:      layout_basic, vehumet_crystals, nicolae_ru_great_annihilating_truth,
          supply_closet_lemuel, lightli_church_of_beogh
D:8:      layout_cave_pools, nicolae_benzene_ring,
          hangedman_abyss_or_decor_stagger, uniq_erica, uniq_grum
D:9:      layout_rooms, kennysheep_little_box, serial_shops, shop_statue
D:10:     layout_cave_pods, small_chamber_with_monster, minmay_bent, uniq_sonja,
          uniq_urug
D:11:     layout_roguey, erik_lair_island, serial_curves, eino_curves_01,
          eino_curves_04, eino_curves_01, eino_curves_02
D:12:     layout_rooms, erik_orc_3, enter_trove_2, serial_shops,
          nicolae_shop_window_shopping
D:13:     layout_grid_maze, uniq_maurice

Skill      XL: |  1  2  3  4  5  6  7  8  9 10 11 12 13 |
---------------+----------------------------------------+-----
Stealth        | 1 2 3 5 6 |  6.0
Fighting       | 3 4 5 6 7 8 9 10 | 10.0
Axes           | 3 4 5 6 7 8 9 |  9.9
Dodging        | 2 3 4 5 6 7 |  7.6
Armour         | 2 3 4 5 6 7 |  7.6
Evocations     | 2 3 4 5 |  5.2
Shields        | 2 3 |  3.8
Throwing       | 1 3 4 |  4.3

Action                     |  1- 3 |  4- 6 |  7- 9 | 10-12 | 13-15 || total
---------------------------+-------+-------+-------+-------+-------++-------
  Melee: Hand axe          |   108 |   114 |   113 |       |       ||   335
         Bite              |    20 |    27 |    73 |   117 |     4 ||   241
         Punch             |     1 |     1 |     3 |     3 |       ||     8
         Mace              |       |       |   208 |   313 |       ||   521
         Broad axe         |       |       |       |   108 |    13 ||   121
  Throw: Boomerang         |       |     3 |    19 |   130 |     3 ||   155
         Dart              |       |       |       |     5 |       ||     5
 Invoke: Berserk           |       |     2 |     3 |     3 |       ||     8
         Trog's Hand       |       |     1 |     2 |     5 |     1 ||     9
  Evoke: Wand              |       |       |       |    22 |       ||    22
    Use: Scroll            |     5 |       |     8 |    14 |       ||    27
         Potion            |       |       |       |     2 |       ||     2
   Stab: Sleeping          |     5 |     4 |     3 |       |     1 ||    13
         Invisible         |       |       |     1 |       |       ||     1
         Paralysed         |       |       |       |     5 |       ||     5
 Armour: Animal skin       |    50 |    64 |       |       |       ||   114
         Scale mail        |       |     2 |   238 |   400 |    29 ||   669
  Dodge: Dodged            |    62 |    75 |   184 |   302 |    14 ||   637
  Block: Tower shield      |       |       |       |    49 |    22 ||    71

Table legend: (Time is in decaauts)
 A = Elapsed time spent in this place.
 B = Non-inter-level travel time spent in this place.
 C = Inter-level travel time spent in this place.
 D = Time resting spent in this place.
 E = Time spent auto-exploring this place.
 F = Levels seen in this place.
 G = Mean time per level.
                   A        B        C        D        E       F      G
               +--------+--------+--------+--------+--------+-----+--------+
         Total |  11906 |  11460 |    446 |    206 |   8363 |  15 |  793.7 |
       Dungeon |  11327 |  10881 |    446 |    206 |   8077 |  13 |  871.3 |
         Sewer |    296 |    296 |      0 |      0 |    152 |   1 |  296.0 |
       Ossuary |    282 |    282 |      0 |      0 |    133 |   1 |  282.0 |
               +--------+--------+--------+--------+--------+-----+--------+

Top non-repeatable levels by time:
    D:10: 1518 daAuts
     D:7: 1274 daAuts
    D:11: 1221 daAuts
     D:1: 1104 daAuts
     D:6: 880 daAuts
     D:5: 847 daAuts
     D:3: 819 daAuts
    D:12: 788 daAuts
     D:4: 778 daAuts
     D:8: 769 daAuts
     D:2: 702 daAuts
     D:9: 580 daAuts
   Sewer: 296 daAuts
 Ossuary: 282 daAuts
    D:13: 42 daAuts
